 Dungeon Crawl Stone Soup version 0.16.1-11-g651b585 (webtiles) character file.

24396 errorprawn the Transmogrifier (level 13, -13/110 HPs)
             Began as a Naga Transmuter on Apr 6, 2015.
             Was a High Priest of Cheibriados.
             Mangled by a white ugly thing (32 damage)
             ... on level 11 of the Dungeon on Apr 7, 2015.
             The game lasted 02:57:30 (23242 turns).

errorprawn the Transmogrifier (Naga Transmuter)    Turns: 23242, Time: 02:57:30

Health: -13/110    AC: 10    Str: 28    XL:     13   Next: 12%
Magic:  19/28      EV: 13    Int: 32    God:    Cheibriados [*****.]
Gold:   614        SH:  0    Dex: 23    Spells: 8 memorised, 6 levels left

rFire  . . .     SeeInvis +       - Unarmed
rCold  . . .     Clarity  .     c - +3 leather armour of Virtue {+Inv rN+ MR- Int+4}
rNeg   + + .     SustAb   .     (shield currently unavailable)
rPois  +         Gourm    .     (no helmet)
rElec  .         Spirit   .     h - +0 cloak
rCorr  .         Warding  .     J - melded +2 pair of gloves of the Gravedigger {+Inv Int+4}
rMut   +         Stasis   .     (no barding)
MR     +....                    m - amulet of resist mutation
Stlth  +++++.....               s - ring of protection from magic
                                F - ring of positive energy

@: blade hands, very slow, somewhat resistant to hostile enchantments, quite
stealthy
A: spit poison, constrict 1, see invisible, deformed body, poison resistance,
slowness 2, AC +4
a: Spit Poison, End Transformation, Bend Time, Temporal Distortion, Slouch, Step
From Time, Renounce Religion, Evoke Invisibility


You were on level 11 of the Dungeon.
You worshipped Cheibriados.
Cheibriados was extremely pleased with you.
You were not hungry.
You had blades for hands.
You visited 3 branches of the dungeon, and saw 16 of its levels.
You also visited: Bailey.

You collected 1104 gold pieces.
You spent 490 gold pieces at shops.

Inventory:

Missiles
 b - 277 arrows
Armour
 c - the +3 leather armour of Virtue (worn) {+Inv rN+ MR- Int+4}
   (You found it on level 3 of the Lair of Beasts)

   It affects your intelligence (+4).
   It protects you from negative energy.
   It affects your resistance to hostile enchantments.
   It lets you turn invisible.
 h - a +0 cloak (worn)
 J - the +2 pair of gloves of the Gravedigger (melded) {+Inv Int+4}
   (You found it on level 10 of the Dungeon)

   It affects your intelligence (+4).
   It lets you turn invisible.
Jewellery
 m - an amulet of resist mutation (around neck)
 s - a ring of protection from magic (right scythe-like blade)
 u - an uncursed ring of positive energy
 A - an uncursed ring of flight
 F - a ring of positive energy (left scythe-like blade)
 T - an uncursed ring of ice
Magical devices
 e - a wand of digging (18)
 C - a wand of fire (1)
 I - a wand of draining (5)
 O - a wand of cold (10)
 P - a wand of teleportation (3)
 Q - a wand of enslavement (15)
 S - a wand of paralysis (9)
 Z - a wand of heal wounds (2)
Scrolls
 d - a scroll of silence {unknown}
 f - 7 scrolls of identify
 l - 2 scrolls of noise
 n - 3 scrolls of fog {unknown}
 o - a scroll of amnesia
 r - 3 scrolls of magic mapping
 t - 2 scrolls of fear {unknown}
 w - 2 scrolls of teleportation
 x - a scroll of blinking
 y - 2 scrolls of immolation {unknown}
 z - 7 scrolls of remove curse
 B - a scroll of enchant armour {unknown}
 K - a scroll of recharging {unknown}
 R - a scroll of summoning {unknown}
Potions
 g - a potion of lignification {unknown}
 p - 5 potions of curing
 D - a potion of magic {unknown}
 E - 3 potions of brilliance
 H - 2 potions of agility
 M - 2 potions of flight
 N - a potion of beneficial mutation {unknown}
 V - 2 potions of berserk rage {unknown}
 W - 3 potions of heal wounds {unknown}
 Y - 2 potions of restore abilities
Books
 k - a Fen Folio

   Spells                             Type                      Level
   a - Corpse Rot                     Necromancy                   2
   b - Stone Arrow                    Conjuration/Earth            3
   c - Leda's Liquefaction            Hexes/Earth                  4
   d - Summon Forest                  Summoning/Translocation      5
   e - Hydra Form                     Transmutation                6
   f - Summon Hydra                   Summoning                    7
 G - a Young Poisoner's Handbook

   Spells                             Type                      Level
   a - Sting                          Conjuration/Poison           1
   b - Cure Poison                    Poison                       2
   c - Mephitic Cloud                 Conjuration/Poison/Air       3
   d - Olgreb's Toxic Radiance        Poison                       4
   e - Venom Bolt                     Conjuration/Poison           5
 X - a book of Geomancy

   Spells                             Type                      Level
   a - Sandblast                      Earth                        1
   b - Stoneskin                      Transmutation/Earth          2
   c - Passwall                       Transmutation/Earth          3
   d - Stone Arrow                    Conjuration/Earth            3
   e - Petrify                        Transmutation/Earth          4
   f - Lee's Rapid Deconstruction     Earth                        5
Miscellaneous
 j - an ornate deck of summoning
Comestibles
 a - 11 bread rations
 i - a royal jelly
 q - 2 meat rations
 v - 43 fruits
 L - a chunk of flesh


   Skills:
 + Level 5.5 Fighting
 - Level 4.0 Armour
 + Level 4.1 Dodging
 + Level 9.6 Stealth
 - Level 7.8 Unarmed Combat
 * Level 7.5 Spellcasting
 - Level 3.3 Conjurations
 - Level 10.8 Transmutations
 - Level 3.4 Ice Magic
 - Level 6.4 Earth Magic
 - Level 3.6 Poison Magic
 + Level 8.4 Invocations


You had 6 spell levels left.
You knew the following spells:

 Your Spells              Type           Power        Failure   Level  Hunger
a - Beastly Appendage     Trmt           ######       6%          1    None
b - Sticks to Snakes      Trmt           ######....   8%          2    None
c - Spider Form           Trmt/Pois      ######....   14%         3    None
d - Blade Hands           Trmt           ######....   17%         5    ####...
e - Sting                 Conj/Pois      ####         17%         1    None
f - Stoneskin             Trmt/Erth      ######..     10%         2    None
g - Stone Arrow           Conj/Erth      #####.       21%         3    None
h - Ice Form              Ice/Trmt       ######..     21%         4    #......


Dungeon Overview and Level Annotations

Branches:
Dungeon (11/15)            Temple (1/1) D:6            Lair (4/8) D:9
    Orc (0/4) D:9
  Swamp: Lair:3-6    Shoals: Lair:3-6     Snake: Lair:3-6    Spider: Lair:3-6

Altars:
Ashenzari
Cheibriados
Dithmenos
Elyvilon
Fedhas
Gozag
Kikubaaqudgha
Makhleb
Nemelex Xobeh
Okawaru
Qazlal
Ru
Sif Muna
Trog
Xom
Yredelemnul
Zin

Shops:
D:8 :

Annotations:
D:11 Nessos, Sonja


Innate Abilities, Weirdness & Mutations

You cannot wear boots.
You can spit poison.
You can use your snake-like lower body to constrict enemies.
Your serpentine skin is tough (AC +4).
You have supernaturally acute eyesight.
Armour fits poorly on your strangely shaped body.
Your system is resistant to poisons.
You cover ground very slowly.


Message History

The quokka bites you but does no damage.
Casting: Blade Hands
Confirm with . or Enter, or press ? or * to list all spells.
Okay, then.
Use which ability? (? or * to list)
You fail to use your ability.
The white ugly thing tail-slaps you but does no damage.
The quokka barely misses you.
Use which ability? (? or * to list)
You can feel time thicken for a moment.
You kill the quokka!
Cheibriados thoroughly appreciates the change of pace.
You kill the wasp!
Cheibriados thoroughly appreciates the change of pace.
You feel somewhat more hungry.
Cheibriados reduces the support of your attributes as your movement quickens.
The white ugly thing tail-slaps you!
* * * LOW HITPOINT WARNING * * *
The white ugly thing freezes you!!
You die...

.... ........# #.##........ ....
........# #.##........ ....
........ ..##........ ... ..#.#..
..##........ ..# ......
...##........ .#. #.#.$
...##........ ### ### #.### ###
#.##........ ..###.## #.##?u#..#
#....(... ##.#.#.###.# ###@#
#........ ###.###...####..##
#........ ##.## ####.##.###
####..... ..## ##..## ###.....
##################### #.......
....................##.. #.....##
≈≈≈≈≈≈≈≈≈≈≈≈≈≈≈≈≈≈≈≈≈##.##.....#.
≈≈≈≈≈≈≈≈≈≈≈≈≈≈≈≈≈≈≈≈≈# ..#.......
....................## #.###.##..


You could see a white ugly thing.

Vanquished Creatures
  Harold (D:10)
  A hydra (Lair:3)
  Nergalle (D:11)
  5 hill giants
  Pikel (D:8)
  A manticore (D:11)
  A faun (Lair:3)
  3 black mambas
  6 spiny frogs
  A centaur skeleton (D:11)
  The ghost of hulla the Stinger, an experienced OpTm (D:5)
  3 komodo dragons
  3 two-headed ogres
  5 blink frogs (Lair:3)
  A basilisk (Lair:2)
  22 yaks
  A wyvern (D:8)
  A deep elf fighter (D:9)
  Grum (D:8)
  3 hippogriffs
  2 wandering mushrooms (D:8)
  9 wolves
  10 water moccasins
  4 porcupines
  4 phantoms
  2 slaves (D:8)
  6 orc warriors
  An ice beast (D:11)
  2 sky beasts
  A wasp (D:11)
  5 ogres
  8 centaurs
  A necrophage (D:7)
  2 big kobolds
  Duvessa (D:8)
  A crocodile (Lair:3)
  11 giant frogs
  3 jellies
  5 killer bees
  2 oklob saplings (D:8)
  5 scorpions
  6 wights
  The ghost of 4thArraOfDagon the Charlatan, a weakling FoAr (D:3)
  An electric eel (D:11)
  9 hounds
  6 crimson imps
  A goliath beetle (D:10)
  Dowan (D:8)
  A giant frog skeleton (D:7)
  7 orc wizards
  8 orc priests
  A quasit (D:6)
  6 iguanas
  7 worker ants
  3 hound zombies
  A mummy (D:8)
  4 gnolls (D:3)
  40 river rats
  22 adders
  A shadow imp (D:5)
  A worm (D:2)
  5 giant geckos
  An ooze (D:1)
  45 orcs
  A bat zombie (D:8)
  5 giant cockroaches
  17 goblins
  18 hobgoblins
  6 jackals (D:9)
  10 quokkas
  32 bats
  4 giant newts
  2 jackal skeletons
  44 kobolds
  23 rats
  4 spectral orcs (D:11)
491 creatures vanquished.

Vanquished Creatures (others)
  2 slaves (D:8)
  2 wandering mushrooms (D:8)
  A fungus (Lair:3)
  2 plants (Lair:2)
7 creatures vanquished.

Grand Total: 498 creatures vanquished

Notes
Turn   | Place    | Note
--------------------------------------------------------------
     0 | D:1      | errorprawn, the Naga Transmuter, began the quest for the Orb.
     0 | D:1      | Reached XP level 1. HP: 18/18 MP: 3/3
   255 | D:1      | Reached XP level 2. HP: 25/25 MP: 2/4
   269 | D:1      | Learned a level 2 spell: Sticks to Snakes
   971 | D:1      | Reached XP level 3. HP: 31/31 MP: 3/6
   976 | D:1      | Learned a level 3 spell: Spider Form
  1149 | D:2      | Found a stormy altar of Qazlal.
  1149 | D:2      | Found an ancient bone altar of Kikubaaqudgha.
  1156 | D:2      | Found an iron altar of Okawaru.
  1595 | D:2      | Found a shadowy altar of Dithmenos.
  1599 | D:2      | Found a basalt altar of Yredelemnul.
  1601 | D:2      | Found a shattered altar of Ashenzari.
  1609 | D:2      | Reached skill level 1 in Poison Magic
  1845 | D:2      | Reached XP level 4. HP: 34/38 MP: 3/7
  2458 | D:2      | Found a glowing silver altar of Zin.
  2721 | D:3      | Noticed 4thArraOfDagon's ghost (weakling FoAr)
  3101 | D:3      | Reached skill level 1 in Stealth
  3143 | D:3      | Reached XP level 5. HP: 32/44 MP: 5/9
  3162 | D:3      | Reached skill level 4 in Transmutations
  4161 | D:3      | Reached XP level 6. HP: 6/51 MP: 6/10
  5402 | D:4      | Reached skill level 5 in Transmutations
  5548 | D:4      | Reached XP level 7. HP: 53/57 MP: 12/12
  5952 | D:4      | Reached skill level 5 in Stealth
  6000 | D:5      | Entered Level 5 of the Dungeon
  6159 | D:5      | Found an iron altar of Okawaru.
  6286 | D:5      | Reached skill level 5 in Unarmed Combat
  6660 | D:3      | Killed 4thArraOfDagon's ghost
  6737 | D:5      | Reached skill level 6 in Stealth
  6899 | D:5      | Noticed hulla's ghost (experienced OpTm)
  7150 | D:5      | Killed hulla's ghost
  7150 | D:5      | Reached XP level 8. HP: 52/64 MP: 11/13
  7526 | D:6      | Learned a level 4 spell: Ice Form
  7533 | D:6      | Learned a level 5 spell: Blade Hands
  7615 | D:6      | Found a staircase to the Ecumenical Temple.
  7855 | D:6      | Reached skill level 7 in Transmutations
  8670 | Temple   | Entered the Ecumenical Temple
  8716 | Temple   | Became a worshipper of Elyvilon the Healer
  8880 | D:7      | Reached XP level 9. HP: 62/70 MP: 16/16
  8887 | D:7      | Reached skill level 8 in Transmutations
  8892 | D:7      | Found a sand-covered staircase.
 10019 | D:8      | Reached skill level 9 in Transmutations
 10165 | D:8      | Noticed a wandering mushroom
 10171 | D:8      | Killed a wandering mushroom
 10176 | D:8      | Noticed a wandering mushroom
 10177 | D:8      | Found a blossoming altar of Fedhas.
 10177 | D:8      | Noticed a wandering mushroom
 10177 | D:8      | Noticed a wandering mushroom
 10309 | D:8      | Killed a wandering mushroom
 10436 | D:8      | Killed a wandering mushroom
 11343 | D:8      | Killed a wandering mushroom
 11557 | D:8      | Found Qulodgheo's Book Shop.
 11557 | D:8      | Acquired Elyvilon's first power
 11571 | D:8      | Noticed Pikel
 11611 | D:8      | Killed Pikel
 11611 | D:8      | Reached skill level 10 in Transmutations
 11728 | D:8      | Reached skill level 5 in Spellcasting
 11765 | D:8      | Reached XP level 10. HP: 62/78 MP: 19/22
 11883 | D:8      | Reached skill level 1 in Invocations
 12086 | D:8      | Noticed Grum
 12094 | D:8      | Killed Grum
 12120 | D:8      | Noticed Dowan
 12134 | D:8      | Killed Dowan
 12234 | D:8      | Noticed Duvessa
 12252 | D:8      | Killed Duvessa
 12792 | D:8      | Got a fabulously ornate robe
 12797 | D:8      | Identified the cursed -6 robe of Impermeability {+Fly rPois Str+4} (You took it off a crimson imp on level 8 of the Dungeon)
 13054 | D:9      | Found a staircase to the Lair.
 13162 | D:9      | Found a flagged portal.
 13187 | Bailey   | Entered a bailey
 13194 | Bailey   | Noticed an orc knight
 13199 | Bailey   | Noticed an orc knight
 13266 | Bailey   | Learned a level 1 spell: Sting
 13293 | Bailey   | Got an ancient triple sword
 13930 | D:8      | Bought a book of Geomancy for 490 gold pieces
 13933 | D:8      | Learned a level 2 spell: Stoneskin
 14189 | D:9      | Reached skill level 1 in Earth Magic
 14223 | D:9      | Reached skill level 1 in Conjurations
 14269 | D:9      | Found a staircase to the Orcish Mines.
 14493 | D:10     | Entered Level 10 of the Dungeon
 14546 | D:9      | Identified the +2 triple sword of Wewautorch {flame, Dex+4} (You took it off an orc in a bailey)
 14734 | D:10     | Noticed a hill giant
 14735 | D:10     | Noticed a hill giant
 14753 | D:10     | Killed a hill giant
 14753 | D:10     | Reached XP level 11. HP: 54/92 MP: 21/23
 15122 | D:10     | Killed a hill giant
 15276 | D:10     | Learned a level 3 spell: Stone Arrow
 15345 | Lair:1   | Entered Level 1 of the Lair of Beasts
 15446 | Temple   | Fell from the grace of Elyvilon
 15446 | Temple   | Became a worshipper of Cheibriados the Contemplative
 15622 | Lair:1   | Reached skill level 5 in Earth Magic
 16022 | Lair:2   | Acquired Cheibriados' first power
 16573 | Lair:1   | Reached skill level 1 in Armour
 18136 | Lair:3   | Learned a level 4 spell: Ice Form
 18188 | Lair:3   | Reached skill level 1 in Ice Magic
 18485 | Lair:2   | Reached XP level 12. HP: 77/99 MP: 19/25
 18614 | Lair:2   | Acquired Cheibriados' second power
 19220 | Lair:2   | Reached skill level 5 in Invocations
 19263 | Lair:3   | Got a transparent leather armour
 19278 | Lair:2   | Identified the +3 leather armour of Virtue {+Inv rN+ MR- Int+4} (You found it on level 3 of the Lair of Beasts)
 19347 | Lair:3   | Noticed a four-headed hydra
 19859 | Lair:3   | Killed a four-headed hydra
 20243 | Lair:2   | Acquired Cheibriados' third power
 21118 | D:10     | Noticed Harold
 21317 | D:10     | Killed Harold
 21317 | D:10     | Acquired Cheibriados' fourth power
 21991 | D:10     | Got a pair of transparent gloves
 22006 | D:10     | Identified the +2 pair of gloves of the Gravedigger {+Inv Int+4} (You found it on level 10 of the Dungeon)
 22094 | D:11     | Noticed Sonja
 22288 | D:11     | Reached skill level 5 in Fighting
 22366 | D:11     | Reached XP level 13. HP: 105/109 MP: 24/28
 22420 | D:11     | Noticed Nessos
 22594 | D:11     | Noticed Nergalle
 22626 | D:11     | Killed Nergalle
 23242 | D:11     | Mangled by a white ugly thing

Action                   |  1- 3 |  4- 6 |  7- 9 | 10-12 | 13-15 || total
-------------------------+-------+-------+-------+-------+-------++-------
Melee: Unarmed           |    96 |   191 |   432 |   772 |    63 ||  1554
 Cast: Beastly Appendage |    10 |     7 |     4 |     6 |       ||    27
       Sticks to Snakes  |     2 |       |       |     3 |       ||     5
       Spider Form       |     1 |    26 |    36 |    33 |       ||    96
       Blade Hands       |       |       |    12 |    45 |     7 ||    64
       Sting             |       |       |       |    21 |       ||    21
       Stoneskin         |       |       |       |    39 |     2 ||    41
       Stone Arrow       |       |       |       |     2 |       ||     2
       Ice Form          |       |       |       |     7 |       ||     7
Invok: Temporal Distorti |       |       |       |     2 |       ||     2
       Slouch            |       |       |       |       |     2 ||     2
 Abil: Spit Poison       |    25 |    33 |    43 |    57 |     1 ||   159
       End Transformatio |       |     2 |     1 |     5 |       ||     8
Evoke: Wand              |       |       |     2 |     1 |       ||     3
  Use: Scroll            |     1 |     3 |    10 |     5 |       ||    19
       Potion            |       |     1 |     1 |     4 |     1 ||     7
 Stab: Sleeping          |       |     1 |     3 |    10 |     4 ||    18
       Distracted        |       |       |       |     1 |       ||     1
  Eat: Chunk             |     5 |    16 |    13 |    43 |     4 ||    81
       Beef jerky        |       |     1 |     1 |     1 |       ||     3
       Meat ration       |       |       |     2 |       |       ||     2
       Fruit             |       |       |     8 |     4 |       ||    12
